 Dungeon Crawl Stone Soup version 0.23.1-37-gaa34b87 (webtiles) character file.

Game seed: 15459141665203374080

81 Fang the Skirmisher (level 4, -5/29 HPs)
             Began as a Gargoyle Berserker on Mar 22, 2019.
             Was a Believer of Trog.
             Slain by Natasha (6 damage)
             ... on level 2 of the Dungeon.
             The game lasted 00:01:56 (1075 turns).

Fang the Skirmisher (Gargoyle Berserker)            Turns: 1075, Time: 00:01:57

Health: -5/29      AC:  5    Str: 22    XL:     4   Next: 42%
Magic:  4/4        EV: 12    Int:  7    God:    Trog [**....]
Gold:   124        SH:  0    Dex:  9    Spells: 3/3 levels left

rFire    . . .     SeeInvis .   a - +0 hand axe
rCold    . . .     Gourm    .   (no shield)
rNeg     + . .     Faith    .   b - +0 animal skin
rPois    ∞         Spirit   .   (no helmet)
rElec    +         Reflect  .   (no cloak)
rCorr    .         Harm     .   (no gloves)
MR       .....                  (no boots)
Stlth    +.........             (no amulet)
HPRegen  0.09/turn              k - ring of flight
MPRegen  0.09/turn              (no ring)

@: no status effects
A: negative energy resistance 1, electricity resistance, unbreathing,
petrification resistance, rot immunity, AC +3
a: Berserk, Trog's Hand, Renounce Religion, Evoke Flight


You were on level 2 of the Dungeon.
You worshipped Trog.
Trog was pleased with you.
You were not hungry.

You visited 1 branch of the dungeon, and saw 2 of its levels.

You collected 124 gold pieces.

Inventory:

Hand Weapons
 a - a +0 hand axe (weapon)
Armour
 b - a +0 animal skin (worn)
Jewellery
 k - a ring of flight (left hand)
 n - an uncursed amulet of magic regeneration {unknown}
Scrolls
 f - 2 scrolls of amnesia {unknown}
 i - a scroll of identify {unknown}
 j - a scroll of blinking {unknown}
 l - a scroll of magic mapping {unknown}
 p - a scroll of teleportation {unknown}
Potions
 e - a potion of flight {unknown}
 g - a potion of agility {unknown}
 h - a potion of curing {unknown}
 m - a potion of haste {unknown}
 o - a potion of degeneration {unknown}
Comestibles
 c - 3 rations
 d - a chunk of flesh


   Skills:
 + Level 4.0 Fighting
 + Level 3.2 Axes
 + Level 3.0 Armour
 + Level 2.2 Dodging


You had 3 spell levels left.
You didn't know any spells.
Your spell library was empty.

Dungeon Overview and Level Annotations

Branches:
Dungeon (2/15)

Altars:

Annotations:
D:2 Natasha


Innate Abilities, Weirdness & Mutations

You are resistant to torment.
Your stone body is resilient. (AC +3)
You are immune to poison.
You resist negative energy. (rN+)
You are resistant to electric shocks. (rElec)
You can survive without breathing.
You are immune to petrification.
You are immune to rotting.


Message History

You barely miss Natasha. Natasha closely misses you.
You slash Natasha!
Natasha is heavily wounded.
Natasha claws you.
You miss Natasha.
Natasha is heavily wounded.
Natasha claws you.
* * * LOW HITPOINT WARNING * * *
You closely miss Natasha.
Natasha is heavily wounded.
Natasha stares at you and mumbles some strange words.
You resist with some effort.
You slash Natasha!
Natasha is almost dead.
Natasha claws you.
* * * LOW HITPOINT WARNING * * *
You closely miss Natasha.
Natasha is almost dead.
Natasha claws you.
You die...

#..#.####.###....##
#..#.# ##.#.......
#....# ##.##...##
##.### #####.## #.#
#.# #(## #.# #..##
#+# ##h..##
##.@...######
##...........#
#....†....##..
#........##
#.#.......#
#.##.#..### #
.##.... ## #.####
...


You could see Natasha.

Vanquished Creatures
  Natasha (D:2)
  2 adders (D:2)
  2 dart slugs
  A leopard gecko (D:1)
  A ball python (D:1)
  2 giant cockroaches (D:2)
  5 goblins (D:1)
  3 hobgoblins
  7 kobolds
  6 bats
  5 frilled lizards
  3 rats (D:1)
38 creatures vanquished.

Notes
Turn   | Place    | Note
-------+----------+-------------------------------------------
     0 | D:1      | Fang the Gargoyle Berserker began the quest for the Orb.
     0 | D:1      | Reached XP level 1. HP: 14/14 MP: 1/1
   150 | D:1      | Reached XP level 2. HP: 16/19 MP: 2/2
   445 | D:1      | Reached ** piety under Trog
   608 | D:1      | Reached XP level 3. HP: 23/23 MP: 3/3
  1045 | D:2      | Noticed Natasha
  1054 | D:2      | Killed Natasha
  1054 | D:2      | Reached XP level 4. HP: 16/29 MP: 4/4
  1059 | D:2      | Reached skill level 4 in Fighting
  1065 | D:2      | Noticed Natasha
  1074 | D:2      | HP: 1/29 [Natasha (6)]
  1075 | D:2      | Slain by Natasha

Skill      XL: |  1  2  3  4 |
---------------+-------------+-----
Axes           | 3 |  3.2
Dodging        | 2 |  2.2
Armour         | 3 |  3.0
Fighting       | 4 |  4.0

Action                   |  1- 3 |  4- 6 || total
-------------------------+-------+-------++-------
Melee: Hand axe          |    88 |    11 ||    99
 Stab: Sleeping          |     1 |       ||     1
  Eat: Chunk             |       |     1 ||     1
Armor: Animal skin       |    47 |     4 ||    51
Dodge: Dodged            |    80 |     6 ||    86
